 Dungeon Crawl Stone Soup version 0.29.1-12-g30fa7ad0bf (webtiles) character file.

Game seed: 17744726079683875764

5196 FexLirch the Covert (level 10, -7/51 HPs)
             Began as a Spriggan Enchanter on Jan 13, 2023.
             Was a Priest of Wu Jian.
             Mangled by a hornet (14 damage)
             ... on level 9 of the Dungeon.
             The game lasted 00:35:48 (10729 turns).

FexLirch the Covert (Spriggan Enchanter)           Turns: 10729, Time: 00:35:48

Health: -7/51      AC:  3    Str:  4    XL:     10   Next: 34%
Magic:  18/32      EV: 21    Int: 20    God:    Wu Jian [***...]
Gold:   484        SH:  0    Dex: 17    Spells: 15/26 levels left

rFire   . . .      SeeInvis +   x - +1 dagger (drain)
rCold   . . .      Faith    .   (no shield)
rNeg    . . .      Spirit   .   E - +1 robe {Will+}
rPois   .          Reflect  .   (helmet restricted)
rElec   .          Harm     .   (no cloak)
rCorr   .          Rampage  .   (gloves unavailable)
Will    ++...                   (boots unavailable)
Stlth   +++++.....              (no amulet)
HPRegen 0.17/turn               t - ring of magical power
MPRegen 0.23/turn               u - +4 ring of evasion

@: slowed, quick
A: very small, no large weapons, unfitting armour, see invisible, speed 3
a: Renounce Religion, Wall Jump, Serpent's Lash


You were on level 9 of the Dungeon.
You worshipped Wu Jian.
Wu Jian was most pleased with you.
You visited 1 branch of the dungeon, and saw 9 of its levels.
You also visited: Ossuary.

You collected 484 gold pieces.

Inventory:

Hand Weapons
 x - a +1 dagger of draining (weapon)
 G - a +0 rapier
Missiles
 a - 2 throwing nets
Armour
 b - +0 steam dragon scales
 E - a +1 robe of willpower (worn)
Jewellery
 t - a ring of magical power (left hand)
 u - a +4 ring of evasion (right hand)
 w - a +6 ring of strength
 y - an amulet of regeneration
 B - an amulet of the acrobat
 I - a +6 ring of intelligence
Wands
 z - a wand of flame (8)
 F - a wand of iceblast (5)
 L - a wand of mindburst (16)
 M - a wand of charming (11)
Scrolls
 d - 2 scrolls of immolation {unknown}
 g - 4 scrolls of teleportation
 h - 2 scrolls of magic mapping {unknown}
 m - a scroll of torment {unknown}
 p - 4 scrolls of vulnerability
 q - 6 scrolls of amnesia
 s - 2 scrolls of acquirement {unknown}
 C - a scroll of butterflies {unknown}
 D - 2 scrolls of poison {unknown}
 J - a scroll of noise {unknown}
 K - a scroll of enchant weapon {unknown}
 N - a scroll of identify
Potions
 c - 3 potions of invisibility
 e - 2 potions of ambrosia {unknown}
 f - 4 potions of curing
 i - 2 potions of might
 j - 3 potions of heal wounds
 k - 3 potions of lignification
 l - 3 potions of attraction
 n - 2 potions of mutation {unknown}
 o - a potion of resistance {unknown}
 r - 3 potions of brilliance
 v - 4 potions of flight
 A - 3 potions of haste
 H - 2 potions of degeneration {unknown}


   Skills:
 + Level 5.3 Fighting
 + Level 7.2 Short Blades
 - Level 2.6 Dodging
 + Level 11.1 Stealth
 + Level 8.6 Spellcasting
 + Level 8.8 Hexes
 - Level 3.1 Ice Magic


You had 15 spell levels left.
You knew the following spells:

 Your Spells              Type           Power      Damage    Failure   Level
a - Ensorcelled Hibernat  Hex/Ice        64%        N/A       1%          2
b - Confusing Touch       Hex            43%        N/A       1%          3
c - Tukima's Dance        Hex            43%        N/A       1%          3
d - Dazzling Flash        Conj/Hex       52%        N/A       4%          3

Your spell library contained the following spells:

 Spells                   Type           Power      Damage    Failure   Level
 Portal Projectile        Hex/Tloc       52%        N/A       4%          3
 Scorch                   Fire           16%        2d6       12%         2
 Yara's Violent Unravell  Hex/Tmut       13%        3d7       36%         5
 Flame Wave               Conj/Fire      8%         2d5       63%         4
 Enfeeble                 Hex            21%        N/A       88%         7
 Blade Hands              Tmut           4%         N/A       92%         5
 Summon Cactus Giant      Summ           4%         N/A       100%        6


Dungeon Overview and Level Annotations

Branches:
Dungeon (9/15)             Temple (0/1) D:6            Lair (0/5) D:9
    Orc (0/2) D:9         Ossuary (visited)

Altars:
Uskayaw
Vehumet
Wu Jian
The Shining One

Shops:
D:6 :   D:7 [

Annotations:
D:4 Dowan, Duvessa
D:9 Psyche


Innate Abilities, Weirdness & Mutations

You are very small and have problems with some larger weapons.
You are too small for most types of armour.
You have supernaturally acute eyesight. (SInv)
You cover ground extremely quickly. (Speed+++)


Message History

The hornet resists with some effort.
You feel yourself speed up.
You feel sick. The hornet misses you. The hornet barely misses you.
Casting: Ensorcelled Hibernation (safe; 1% risk of failure)
Confirm with . or Enter, or press ? or * to list all spells.
Aiming: Ensorcelled Hibernation (safe; 1% risk of failure)
Press: ? - help, Shift-Dir - straight line, f/p - hornet
Aim: a hornet (chance to affect: 52%)
The hornet resists with some effort.
You feel sick. The hornet barely misses you. The hornet completely misses you.
Casting: Ensorcelled Hibernation (safe; 1% risk of failure)
Confirm with . or Enter, or press ? or * to list all spells.
Aiming: Ensorcelled Hibernation (safe; 1% risk of failure)
Press: ? - help, Shift-Dir - straight line, f/p - hornet
Aim: a hornet (chance to affect: 52%)
The hornet resists with some effort.
You feel sick. The hornet stings you!
You are more poisoned.
You feel yourself slow down.
Casting: Ensorcelled Hibernation (safe; 1% risk of failure)
Confirm with . or Enter, or press ? or * to list all spells.
Aiming: Ensorcelled Hibernation (safe; 1% risk of failure)
Press: ? - help, Shift-Dir - straight line, f/p - hornet
Aim: a hornet (chance to affect: 52%)
The hornet resists with some effort.
You feel very sick. The hornet misses you. The hornet barely misses you.
You feel better. The hornet stings you.
You are poisoned.
You feel as though you will be slow longer.
The hornet closely misses you. The hornet stings you!
* * * LOW HITPOINT WARNING * * *
You are more poisoned.
You suddenly lose the ability to move!
Your magical contamination has completely faded away.
You can move again.
You feel better. The hornet stings you!
* * * LOW HITPOINT WARNING * * *
You feel as though you will be slow longer.
The hornet stings you!
You die...

...#....#............
##.P ##....[............
.PP.P...#...............
...>.P.≈#...............
..P..P..#...............
##P..##.................
.#...#...............)).
...≈...#..#...#..y..##
#######...##.##.@..##
......#####....#....#
.......# #...##...##
......## ##.. ....#
.......# #. .....
........ .. ..#..##
........ #. ## ###
.......# .......#


You could see a hornet.

Vanquished Creatures
  Maggie (D:6)
  5 yaks
  A wyvern (D:8)
  Eustachio (D:6)
  A water moccasin (D:8)
  4 orc warriors
  An ice beast (D:8)
  2 sky beasts
  4 black bears
  An ogre (D:5)
  3 centaurs
  2 elf zombies (Ossuary)
  4 kobold brigands
  5 necrophages
  2 bullfrogs
  A gnoll sergeant (D:5)
  5 scorpions
  4 killer bees
  2 howler monkeys (D:8)
  2 human zombies (Ossuary)
  2 centaur zombies (Ossuary)
  A hound (D:6)
  2 gnoll boudas
  3 jellies
  4 orc priests
  3 iguanas
  4 orc wizards
  2 mummies (Ossuary)
  15 gnolls
  7 adders
  2 shadow imps
  5 white imps
  A worm (D:2)
  18 orcs
  5 bats
  8 endoplasms
  4 giant cockroaches
  10 goblins
  7 hobgoblins
  4 jackals (D:2)
  2 quokkas
  10 ball pythons
  4 frilled lizards
  3 goblin zombies (Ossuary)
  4 hobgoblin zombies (Ossuary)
  A jackal zombie (Ossuary)
  18 kobolds
  13 kobold zombies (Ossuary)
  8 orc zombies (Ossuary)
  5 rats
  2 rat zombies (Ossuary)
228 creatures vanquished.

Vanquished Creatures (others)
  6 fungi (D:4)
  2 plants (D:8)
8 creatures vanquished.

Grand Total: 236 creatures vanquished

Notes
Turn   | Place    | Note
-------+----------+-------------------------------------------
     0 | D:1      | FexLirch the Spriggan Enchanter began the quest for the
                  | Orb.
     0 | D:1      | Reached XP level 1. HP: 9/9 MP: 5/5
   132 | D:1      | Reached XP level 2. HP: 6/14 MP: 6/6
   503 | D:1      | Learned a level 2 spell: Ensorcelled Hibernation
  1697 | D:2      | Found a hide-covered altar of Uskayaw.
  1706 | D:2      | Reached XP level 3. HP: 17/17 MP: 3/8
  2222 | D:2      | Reached skill level 5 in Stealth
  2372 | D:2      | Reached skill level 1 in Fighting
  2484 | D:2      | Reached XP level 4. HP: 16/22 MP: 2/10
  2674 | D:2      | Found a faded altar of an unknown god.
  3226 | D:3      | Reached skill level 1 in Ice Magic
  3594 | D:3      | Reached XP level 5. HP: 21/23 MP: 11/11
  4000 | D:4      | Learned a level 3 spell: Confusing Touch
  4004 | D:4      | Learned a level 3 spell: Tukima's Dance
  4060 | D:4      | Noticed Duvessa
  4092 | D:4      | Found a sand-covered staircase.
  4097 | Ossuary  | Entered an ossuary
  4628 | Ossuary  | Reached XP level 6. HP: 23/30 MP: 13/13
  4943 | Ossuary  | Reached skill level 6 in Stealth
  5061 | Ossuary  | Reached skill level 5 in Hexes
  5357 | D:4      | Reached XP level 7. HP: 35/35 MP: 15/15
  5459 | D:4      | Noticed Dowan
  5517 | D:4      | Found an ornate altar of the Wu Jian Council.
  5526 | D:4      | Became a worshipper of the Wu Jian Council
  5634 | D:4      | Found a radiant altar of Vehumet.
  6042 | D:5      | Entered Level 5 of the Dungeon
  6471 | D:5      | Reached skill level 5 in Spellcasting
  6734 | D:6      | Reached skill level 7 in Stealth
  6794 | D:6      | Noticed Maggie
  7161 | D:5      | Reached * piety under Wu Jian
  7311 | D:5      | Reached XP level 8. HP: 39/39 MP: 17/17
  7316 | D:5      | Learned a level 3 spell: Dazzling Flash
  7500 | D:6      | Killed Maggie
  7720 | D:6      | Found Wocrase's Self-Improvement Boutique.
  7722 | D:6      | Noticed Eustachio
  7741 | D:6      | Found a staircase to the Ecumenical Temple.
  7834 | D:6      | Killed Eustachio
  7835 | D:6      | Reached skill level 8 in Stealth
  8027 | D:6      | Reached skill level 5 in Short Blades
  8441 | D:6      | Reached XP level 9. HP: 39/45 MP: 20/20
  8492 | D:6      | Reached skill level 9 in Stealth
  8575 | D:7      | Found Wuwo Purph's Antique Armour Shoppe.
  8626 | D:7      | Reached ** piety under Wu Jian
  8834 | D:7      | You fall into a shaft and drop 2 floors!
  8868 | D:9      | Reached skill level 10 in Stealth
  8879 | D:9      | Noticed Psyche
  9630 | D:7      | Reached skill level 5 in Fighting
  9630 | D:7      | Reached XP level 10. HP: 50/51 MP: 23/23
 10023 | D:8      | Found a glowing golden altar of the Shining One.
 10288 | D:8      | Reached *** piety under Wu Jian
 10355 | D:8      | Reached skill level 11 in Stealth
 10651 | D:9      | Found a staircase to the Orcish Mines.
 10709 | D:9      | Found a staircase to the Lair.
 10728 | D:9      | Paralysed by a hornet for 1 turns
 10729 | D:9      | Mangled by a hornet

Illustrated notes

Levels and vault maps discovered:
D:1:      onia_arrival_pentagram, layout_basic
D:2:      layout_loops_corners, ebering_ecumenical_altar_abandoned, basic_altar
D:3:      layout_rooms
D:4:      layout_loops_ring, mainiacjoe_overflow_boulevard,
          nicolae_vehumet_radiance, enter_ossuary_2, minivault_11,
          chequers_serial_rivers_micro_e, hangedman_decor_push, uniq_duvessa
D:5:      layout_gridville, pf_guarded_unrand_woodcutter
D:6:      cheibrodos_barr_body, layout_basic,
          minmay_temple_entry_drinking_statues, nicolae_shop_self_help,
          uniq_maggie, uniq_eustachio
D:7:      layout_loops_ring, serial_shops,
          nicolae_shop_competitors_out_of_business
D:8:      minmay_angry_zag, layout_cave_pools, tso_oasis_becter, abandoned_shop
D:9:      layout_cave_pools, dpeg_oklobed_lair, orc_0_dummy, serial_shops, shop,
          minmay_misc_feat_roman, uniq_psyche

Skill      XL: |  1  2  3  4  5  6  7  8  9 10 |
---------------+-------------------------------+-----
Spellcasting   | 3 4 5 6 8 |  8.6
Hexes          | 4 5 6 8 |  8.8
Stealth        | 5 6 7 8 10 11 | 11.1
Fighting       | 1 2 3 5 |  5.3
Short Blades   | 2 3 4 5 6 7 |  7.2
Ice Magic      | 1 2 3 |  3.1
Dodging        | |  2.6

Action                   |  1- 3 |  4- 6 |  7- 9 | 10-12 || total
-------------------------+-------+-------+-------+-------++-------
Melee: Dagger            |   115 |   260 |   128 |    59 ||   562
       Punch             |       |     4 |       |     1 ||     5
 Cast: Ensorcelled Hiber |    15 |    32 |    90 |    30 ||   167
       Confusing Touch   |       |    18 |     8 |     1 ||    27
       Tukima's Dance    |       |       |       |     2 ||     2
       Dazzling Flash    |       |       |       |     1 ||     1
Invok: Lunge             |       |       |    30 |    12 ||    42
       Whirlwind         |       |       |     1 |    16 ||    17
  Use: Scroll            |       |     5 |     5 |       ||    10
       Potion            |       |       |       |     2 ||     2
 Stab: Sleeping          |    21 |    23 |    66 |    20 ||   130
       Confused          |       |    17 |     7 |     1 ||    25
       Distracted        |       |     2 |     3 |     1 ||     6
       Invisible         |       |       |       |     1 ||     1
Armor: Robe              |    10 |    18 |     1 |     3 ||    32
Dodge: Dodged            |    69 |   195 |    69 |    37 ||   370
